 Dungeon Crawl Stone Soup version 0.19.5 (webtiles) character file.

143202 Peloso the Peltast (level 16, -7/149 HPs)
             Began as a Minotaur Fighter on May 12, 2017.
             Was the Champion of Okawaru.
             Blown up by an orb spider (27 damage)
             ... with a wavering orb of destruction
             ... on level 4 of the Spider Nest.
             The game lasted 01:41:57 (27574 turns).

Peloso the Peltast (Minotaur Fighter)              Turns: 27574, Time: 01:41:58

Health: -7/149     AC: 35    Str: 26    XL:     16   Next: 82%
Magic:  15/15      EV: 13    Int:  7    God:    Okawaru [******]
Gold:   2100       SH: 17    Dex: 17    Spells: 0 memorised, 15 levels left

rFire  + . .     SeeInvis .     q - +9 double sword (elec)
rCold  . . .     Gourm    .     m - +9 shadow dragon scales of Panentheism {rF+ Slay+2 Stlth++++}
rNeg   . . .     Faith    .     c - +0 shield
rPois  +         Spirit   .     (helmet restricted)
rElec  .         Reflect  .     u - +0 cloak {MR+}
rCorr  +         Harm     .     T - +2 pair of gloves {Dex+3}
MR     +++..                    b - +2 pair of boots of Yredelemnul's Esteem {MR+ rCorr Str+2}
Stlth  +++++++...               y - amulet of regeneration
                                n - ring of Shadows {Umbra +Inv Stlth+}
                                J - ring of poison resistance

@: wreathed by umbra
A: retaliatory headbutt, horns 2, clever 1
a: Heroism, Finesse, Renounce Religion, Evoke Invisibility


You were on level 4 of the Spider Nest.
You worshipped Okawaru.
Okawaru was exalted by your worship.
You were very hungry.

You visited 5 branches of the dungeon, and saw 28 of its levels.
You also visited: Labyrinth and Volcano.

You collected 2992 gold pieces.
You spent 892 gold pieces at shops.

Inventory:

Hand Weapons
 q - a +9 double sword of electrocution (weapon)
 Y - a +2 demon whip of flaming
Armour
 b - the +2 pair of boots of Yredelemnul's Esteem (worn) {MR+ rCorr Str+2}
   (You acquired it in a labyrinth)

   It affects your strength (+2).
   It affects your resistance to hostile enchantments.
   It protects you from acid and corrosion.
 c - a +0 shield (worn)
 m - the +9 shadow dragon scales of Panentheism (worn) {rF+ Slay+2 Stlth++++}
   (Okawaru gifted it to you on level 11 of the Dungeon)

   It affects your accuracy and damage with ranged weapons and melee attacks
   (+2).
   It protects you from fire.
   It makes you much more stealthy.
 u - a +0 cloak of magic resistance (worn)
 v - a +0 pair of boots of flying
 T - a +2 pair of gloves of dexterity (worn)
Jewellery
 n - the ring of Shadows (right hand) {Umbra +Inv Stlth+}
   (You found it on level 3 of the Spider Nest)

   [ring of stealth]

   It lets you turn invisible.
   It makes you more stealthy.
 y - an amulet of regeneration (around neck)
 J - a ring of poison resistance (left hand)
 V - a +3 ring of dexterity
Wands
 i - a wand of teleportation (2/9)
 j - a wand of acid (10/15)
 r - a wand of confusion (6/48)
Scrolls
 d - 4 scrolls of identify
 e - a scroll of fear
 g - 10 scrolls of remove curse
 k - 3 scrolls of magic mapping
 l - 3 scrolls of recharging
 s - a scroll of blinking
 C - a scroll of fog
 D - 5 scrolls of teleportation
 M - 2 scrolls of summoning
Potions
 a - a potion of heal wounds
 p - 5 potions of flight
 t - 2 potions of berserk rage
 G - 7 potions of curing
 I - 2 potions of invisibility
 N - 2 potions of resistance
 S - 2 potions of might
 X - 3 potions of agility
Comestibles
 f - 13 bread rations
 h - 12 beef jerkies
 o - a slice of pizza
 w - 10 meat rations
 H - 3 royal jellies
 Q - 20 fruits


   Skills:
 + Level 15.3 Fighting
   Level 1.6(10.9) Short Blades
 + Level 17.2(17.3) Long Blades
 + Level 4.4 Maces & Flails
 + Level 15.3 Armour
 + Level 7.3 Dodging
 + Level 4.7 Stealth
 + Level 19.6 Shields
 + Level 1.3 Invocations


You had 15 spell levels left.
You didn't know any spells.

Dungeon Overview and Level Annotations

Branches:
Dungeon (15/15)            Temple (1/1) D:6            Lair (6/6) D:10
 Shoals (0/4) Lair:4       Spider (4/4) Lair:3        Slime (0/5) Lair:5
    Orc (2/2) D:12            Elf (0/3) Orc:2        Vaults (0/5) D:14
 Depths (0/5) D:15

Altars:
Ashenzari
Cheibriados
Dithmenos
Elyvilon
Fedhas
Gozag
Hepliaklqana
Kikubaaqudgha
Makhleb
Nemelex Xobeh
Okawaru
Qazlal
Ru
Sif Muna
Uskayaw
Vehumet
Xom
Yredelemnul
Zin
The Shining One

Shops:
D:7 %   Orc:2 :?[?

Portals:
Pandemonium: Orc:2

Annotations:
D:7 exclusion: statue
Spider:1 exclusion: Roxanne, Roxanne


Innate Abilities, Weirdness & Mutations

You reflexively headbutt those who attack you in melee.
You have a pair of horns on your head.
Your mind is acute. (Int +2)


Message History

Unknown command.
You closely miss the orb spider.
The orb spider is almost dead.
Unknown command.
You slice the orb spider!!
You kill the orb spider!
Okawaru accepts your kill.
Unknown command.
The orb spider weaves a glowing orb of energy.
An orb of destruction comes into view.
The wavering orb of destruction hits you!
* * * LOW HITPOINT WARNING * * *
The orb spider spins a strand of pure energy.
The orb spider begins to weave its threads into a brightly glowing ball.
You slice the orb spider!!
You kill the orb spider!
Okawaru accepts your kill.
The orb spider weaves a glowing orb of energy.
The wavering orb of destruction weakly hits you!
You die...

########### .##
###≈≈≈##≈...### .≈#
##≈....(.[..).!# ..≈#
#.....††.†?#s@^### ..≈##
##..^##≈...^##...≈###....#
#....##.)..####...≈#...≈#
. #≈†.†^## #†.......#
##..^## ##≈...≈.## #'''#
##.≈.### ####'''#### #####
####^.^......####
##............^.(########


You could see an orb spider.

Vanquished Creatures
  Rupert (Lair:5)
  Frances (D:14)
  3 emperor scorpions
  An orc warlord (Orc:1)
  5 entropy weavers
  The ghost of timpakay the Slicer, a journeyman OpFi of Dithmenos (Lair:6)
  A fire dragon (Lair:1)
  A minotaur (Lab)
  2 rakshasas (D:15)
  5 hydras
  A catoblepas (D:15)
  A merfolk avatar (Lair:4)
  2 centaur warriors
  2 dancing weapons (D:14)
  A hell hog (shapeshifter) (D:15)
  3 death yaks (Lair:4)
  4 orc high priests (Orc:2)
  A sun demon (Orc:2)
  Urug (D:13)
  Sonja (D:14)
  A hell knight (Volcano)
  A salamander mystic (Volcano)
  10 skeletal warriors
  2 unseen horrors
  A torturous demonspawn (Orc:2)
  2 gelid demonspawn (Orc:2)
  6 hill giants
  19 wolf spiders
  5 orc knights (Orc:2)
  8 orb spiders
  Pikel (D:8)
  8 orc sorcerers
  2 manticores
  6 ugly things
  2 deep elf magi (D:14)
  6 salamanders (Volcano)
  A moth of wrath (Spider:2)
  A cyclops (D:15)
  4 black mambas
  4 elephants (Lair:6)
  A rust devil (Orc:2)
  30 spiny frogs
  A gargoyle (D:13)
  2 kobold demonologists
  An orange demon (Orc:2)
  5 rime drakes
  6 demonic crawlers
  7 komodo dragons
  A polar bear (Lair:6)
  22 jumping spiders
  A meliai (shapeshifter) (D:15)
  7 trolls
  18 blink frogs
  The ghost of toffzen the Geomancer, an amateur DDEE (D:4)
  3 two-headed ogres
  Prince Ribbit (D:6)
  4 tyrant leeches (Lair:6)
  10 slime creatures
  6 hornets
  11 dream sheep
  12 hippogriffs
  A spriggan (D:7)
  70 redbacks
  3 wraiths
  30 yaks
  2 ynoxinuls (Orc:2)
  16 tarantellas
  A vampire (D:11)
  5 wyverns
  4 basilisks
  A hungry ghost (D:12)
  4 vampire mosquitoes
  A chaos spawn (Orc:2)
  2 mottled dragons
  3 wargs (Orc:1)
  15 water moccasins
  30 orc warriors
  13 porcupines
  17 ice beasts
  A slave (D:8)
  2 sky beasts
  3 necrophages
  4 black bears
  12 ogres
  2 phantoms
  An eye of draining (D:15)
  8 boggarts
  9 wolves
  21 centaurs
  12 crocodiles
  Blork the orc (D:6)
  7 big kobolds
  38 bullfrogs
  2 gnoll sergeants
  3 scorpions
  A water moccasin skeleton (D:5)
  8 wights
  4 electric eels
  A howler monkey (D:6)
  2 crimson imps
  3 centaur zombies (D:7)
  5 hounds
  A quasit (D:8)
  2 jellies
  24 orc priests
  Crazy Yiuf (D:6)
  3 centaur skeletons
  2 bullfrog skeletons
  An iguana (D:14)
  16 orc wizards
  10 worker ants
  A hound skeleton (D:8)
  A worker ant zombie (D:9)
  Robin (D:3)
  11 gnolls
  8 adders
  A river rat (D:10)
  A shadow imp (D:11)
  2 oozes
  An adder zombie (D:7)
  A worm (D:3)
  2 dart slugs
  7 leopard geckos
  65 orcs
  15 bats
  3 giant cockroaches
  18 goblins
  5 hobgoblins
  5 jackals
  2 ball pythons
  3 frilled lizards
  34 kobolds
  19 rats
  A spectral orc (D:4)
913 creatures vanquished.

Vanquished Creatures (others)
  An orb spider (Spider:3)
  A demonic crawler (Spider:4)
  A jumping spider (Spider:4)
  8 fungi
  31 plants
42 creatures vanquished.

Grand Total: 955 creatures vanquished

Notes
Turn   | Place    | Note
-------+----------+-------------------------------------------
     0 | D:1      | Peloso the Minotaur Fighter began the quest for the Orb.
     0 | D:1      | Reached XP level 1. HP: 19/19 MP: 0/0
   147 | D:1      | Reached XP level 2. HP: 26/27 MP: 1/1
   239 | D:1      | Reached skill level 4 in Shields
   619 | D:1      | Reached XP level 3. HP: 30/33 MP: 2/2
  1707 | D:3      | Noticed Robin
  1720 | D:3      | Killed Robin
  1720 | D:3      | Reached XP level 4. HP: 33/40 MP: 3/3
  1723 | D:3      | Reached skill level 1 in Dodging
  2307 | D:4      | Noticed toffzen's ghost (amateur DDEE)
  2354 | D:3      | HP: 2/40 [poisoned by a worker ant]
  2659 | D:3      | Reached XP level 5. HP: 43/46 MP: 4/4
  2690 | D:3      | Reached skill level 5 in Shields
  3083 | D:4      | Killed toffzen's ghost
  3083 | D:4      | Reached skill level 5 in Long Blades
  3083 | D:4      | Reached skill level 5 in Armour
  3083 | D:4      | Reached XP level 6. HP: 35/53 MP: 5/5
  3128 | D:4      | Reached XP level 7. HP: 33/60 MP: 6/6
  3385 | D:4      | Reached skill level 6 in Shields
  3519 | D:4      | Found a basalt altar of Yredelemnul.
  3729 | D:5      | Entered Level 5 of the Dungeon
  3871 | D:5      | Reached skill level 5 in Fighting
  3874 | D:5      | Reached XP level 8. HP: 65/68 MP: 7/7
  4187 | D:5      | Reached skill level 7 in Shields
  4408 | D:5      | Found a shadowy altar of Dithmenos.
  4696 | D:6      | Noticed Blork the orc
  4708 | D:6      | Killed Blork the orc
  4737 | D:6      | Got a brightly glowing short sword
  4738 | D:6      | Identified the +8 short sword "Fuodure" {speed, rC+ Int+4} (You found it on level 6 of the Dungeon)
  4767 | D:6      | Found a staircase to the Ecumenical Temple.
  4802 | D:6      | Found a runed door.
  4810 | D:6      | Noticed Crazy Yiuf
  4816 | D:6      | Killed Crazy Yiuf
  4868 | D:6      | Noticed Prince Ribbit
  4939 | Temple   | Entered the Ecumenical Temple
  4970 | Temple   | Became a worshipper of Warmaster Okawaru
  5054 | D:6      | Killed Prince Ribbit
  5100 | D:6      | Found a hide-covered altar of Uskayaw.
  5182 | D:7      | Found a shimmering altar of Xom.
  5249 | D:7      | Reached XP level 9. HP: 54/75 MP: 8/8
  5371 | D:7      | Noticed a hill giant
  5382 | D:7      | Killed a hill giant
  5382 | D:7      | Reached * piety under Okawaru
  5382 | D:7      | Reached skill level 1 in Short Blades
  5382 | D:7      | Reached skill level 8 in Shields
  5393 | D:7      | Gained mutation: You evolve. [potion of beneficial mutation]
  5532 | D:7      | Found Maihyuff's Food Shop.
  5564 | D:7      | Reached ** piety under Okawaru
  5736 | D:7      | Found a radiant altar of Vehumet.
  5786 | D:7      | Found an ancient bone altar of Kikubaaqudgha.
  5861 | D:7      | Reached skill level 9 in Shields
  5871 | D:7      | Gained mutation: Your mind is acute. (Int +2) [evolution]
  5899 | D:7      | Reached skill level 10 in Long Blades
  6365 | D:8      | Found a deep blue altar of Sif Muna.
  6403 | D:8      | Reached XP level 10. HP: 78/84 MP: 9/9
  6503 | D:8      | Found a stormy altar of Qazlal.
  6736 | D:8      | Noticed Pikel
  6757 | D:8      | Killed Pikel
  6757 | D:8      | Reached *** piety under Okawaru
  6897 | D:8      | Reached skill level 10 in Shields
  7432 | D:9      | Found a burning altar of Makhleb.
  7432 | D:9      | Found a glowing golden altar of the Shining One.
  7779 | D:10     | Entered Level 10 of the Dungeon
  7794 | D:9      | Reached skill level 10 in Armour
  7960 | D:10     | Reached **** piety under Okawaru
  8151 | D:10     | Noticed a hill giant
  8164 | D:10     | Killed a hill giant
  8535 | D:10     | Found a staircase to the Lair.
  8609 | D:10     | Paralysed by a hornet for 1 turns
  8689 | Lair:1   | Entered Level 1 of the Lair of Beasts
  8966 | Lair:1   | Reached ***** piety under Okawaru
  8966 | Lair:1   | Reached XP level 11. HP: 87/94 MP: 10/10
  9129 | Lair:1   | Reached skill level 11 in Shields
  9181 | Lair:1   | Noticed a fire dragon
  9199 | Lair:1   | Killed a fire dragon
  9199 | Lair:1   | Reached skill level 1 in Stealth
  9450 | Lair:1   | Got a heavily runed copper amulet
  9452 | Lair:1   | Identified the amulet "Zuruqiwuan" {Inacc rElec rPois Str+3 Int+3} (You found it on level 1 of the Lair of Beasts)
  9600 | Lair:1   | Received a gift from Okawaru
  9774 | Lair:2   | Found a dark tunnel.
  9805 | Volcano  | Entered a volcano
  9821 | Volcano  | Noticed a salamander mystic
  9837 | Volcano  | Killed a salamander mystic
  9838 | Volcano  | Found a radiant altar of Vehumet.
  9990 | Volcano  | Noticed a hell knight
 10015 | Volcano  | Killed a hell knight
 10382 | Lair:2   | Found an ancient bone altar of Kikubaaqudgha.
 10467 | Lair:2   | Reached skill level 12 in Shields
 10559 | Lair:2   | Received a gift from Okawaru
 10570 | Lair:2   | Got an ancient cloak {god gift}
 10576 | Lair:2   | Identified the +2 cloak "Pots" {rF+ MP-9 Stlth+} (Okawaru gifted it to you on level 2 of the Lair of Beasts)
 10627 | Lair:2   | Got a transparent shortbow
 10647 | Lair:2   | Reached XP level 12. HP: 71/104 MP: 2/11
 11099 | Lair:1   | Reached skill level 1 in Invocations
 11204 | Lair:3   | Found a hole to the Spider Nest.
 12419 | Lair:4   | Noticed a five-headed hydra
 12421 | Lair:4   | Found a staircase to the Shoals.
 12529 | Lair:4   | Got a translucent trident
 12544 | Lair:4   | Identified the cursed +0 trident of Indomitability {venom, *Noise +Fly Str+6 Stlth-} (You found it on level 4 of the Lair of Beasts)
 12629 | Lair:4   | Reached skill level 13 in Shields
 12650 | Lair:4   | Reached ****** piety under Okawaru
 12756 | Lair:4   | Killed a five-headed hydra
 12756 | Lair:4   | Reached skill level 10 in Fighting
 12759 | Lair:4   | Noticed a death yak
 12760 | Lair:4   | Noticed a death yak
 12761 | Lair:4   | Noticed a death yak
 12770 | Lair:4   | Killed a death yak
 12770 | Lair:4   | Received a gift from Okawaru
 12787 | Lair:4   | Killed a death yak
 12787 | Lair:4   | Reached skill level 1 in Maces & Flails
 12788 | Lair:4   | HP: 2/106 [death yak (18)]
 12801 | Lair:4   | Killed a death yak
 13181 | Lair:4   | Reached XP level 13. HP: 73/113 MP: 3/12
 13809 | Lair:5   | Noticed Rupert
 13833 | Lair:5   | Killed Rupert
 13833 | Lair:5   | Received a gift from Okawaru
 13907 | Lair:5   | Found a staircase to the Slime Pits.
 13973 | Lair:5   | Reached skill level 14 in Shields
 14205 | Lair:5   | Received a gift from Okawaru
 14472 | Lair:5   | Reached skill level 5 in Dodging
 14541 | Lair:6   | Entered Level 6 of the Lair of Beasts
 14573 | Lair:5   | Received a gift from Okawaru
 14796 | Lair:6   | Noticed timpakay's ghost (journeyman OpFi)
 15103 | Lair:6   | Killed timpakay's ghost
 15539 | Lair:5   | Lost mutation: You evolve. [evolution]
 15890 | Lair:6   | Reached skill level 15 in Shields
 16254 | Lair:5   | Reached XP level 14. HP: 64/124 MP: 13/13
 16549 | Lair:6   | Received a gift from Okawaru
 16609 | Lair:6   | Reached skill level 15 in Long Blades
 17723 | D:11     | Received a gift from Okawaru
 17746 | D:11     | Got spiked shadow dragon scales {god gift}
 17757 | D:11     | Identified the +9 shadow dragon scales of Panentheism {rF+ Slay+2 Stlth++++} (Okawaru gifted it to you on level 11 of the Dungeon)
 18010 | D:11     | Reached skill level 16 in Shields
 18364 | D:12     | Found a staircase to the Orcish Mines.
 19459 | D:13     | Found a radiant altar of Vehumet.
 19809 | D:13     | Noticed Urug
 19818 | D:13     | Killed Urug
 20352 | D:13     | Received a gift from Okawaru
 20516 | D:14     | Found a gate to the Vaults.
 20537 | D:14     | Reached skill level 17 in Shields
 20568 | D:14     | Found a labyrinth entrance.
 20577 | Lab      | Entered a labyrinth
 20690 | Lab      | Identified the Tome of Evil and the Mountains
 20692 | Lab      | Got an ancient chain mail
 20696 | Lab      | Identified a scroll of acquirement
 20701 | Lab      | Got a pair of crude boots
 20712 | Lab      | Identified the +2 pair of boots of Yredelemnul's Esteem {MR+ rCorr Str+2} (You acquired it in a labyrinth)
 20749 | D:14     | Reached XP level 15. HP: 130/135 MP: 14/14
 20760 | D:14     | Found an opulent altar of Gozag.
 20854 | D:14     | Identified the +7 chain mail of the Soldier {+Fly Str+3 Dex-5 Slay+5} (You found it in a labyrinth)
 21265 | D:14     | Noticed Frances
 21273 | D:14     | Killed Frances
 21457 | D:14     | Noticed Sonja
 21459 | D:14     | Killed Sonja
 22091 | D:15     | Entered Level 15 of the Dungeon
 22277 | D:15     | Found a staircase to the Depths.
 22861 | Orc:1    | Entered Level 1 of the Orcish Mines
 22915 | Orc:1    | Noticed an orc warlord
 23036 | Orc:1    | Killed an orc warlord
 23229 | Orc:1    | Received a gift from Okawaru
 23233 | Orc:1    | Got a smoking hat {god gift}
 23245 | Orc:1    | Identified the -3 hat of Mutualism {rC+} (Okawaru gifted it to you on level 1 of the Orcish Mines)
 23667 | Orc:2    | Entered Level 2 of the Orcish Mines
 24059 | Orc:2    | Found Muimaudu's Magic Scroll Shop.
 24061 | Orc:2    | Found Plog's Magic Scroll Boutique.
 24268 | Orc:2    | Reached skill level 18 in Shields
 24314 | Orc:2    | Bought a scroll of magic mapping for 49 gold pieces
 24314 | Orc:2    | Bought a scroll of acquirement for 728 gold pieces
 24316 | Orc:2    | Bought a scroll of teleportation for 33 gold pieces
 24316 | Orc:2    | Bought a scroll of blinking for 82 gold pieces
 24591 | Orc:2    | Found Wolixoce's Antique Armour Shoppe.
 24591 | Orc:2    | Found Ifui's Book Emporium.
 24600 | Orc:2    | Found a one-way gate leading to the halls of Pandemonium.
 24681 | Orc:2    | Found a staircase to the Elven Halls.
 25241 | Spider:1 | Entered Level 1 of the Spider Nest
 25530 | Spider:1 | Reached XP level 16. HP: 123/147 MP: 15/15
 25552 | Spider:1 | Noticed Roxanne
 25562 | Spider:1 | Reached skill level 15 in Armour
 25767 | Spider:1 | Received a gift from Okawaru
 26289 | Spider:2 | Reached skill level 19 in Shields
 26523 | Spider:3 | Reached skill level 15 in Fighting
 26847 | Spider:4 | Entered Level 4 of the Spider Nest
 27478 | Spider:4 | Received a gift from Okawaru
 27574 | Spider:4 | Blown up by an orb spider

Skill      XL: |  1  2  3  4  5  6  7  8  9 10 11 12 13 14 15 16 |
---------------+-------------------------------------------------+-----
Shields        | 4 5 6 7 9 10 12 13 15 17 18 19 | 19.6
Fighting       | 4 5 6 7 9 10 11 13 14 15 | 15.3
Long Blades    | 3 5 6 8 10 11 13 14 15 16 17 | 17.2
Armour         | 4 5 6 7 9 10 12 13 14 15 | 15.3
Dodging        | 1 2 3 4 5 6 7 |  7.3
Short Blades   | 1 |  1.6
Stealth        | 1 2 4 |  4.7
Invocations    | 1 |  1.3
Maces & Flails | 2 4 |  4.4

Action                   |  1- 3 |  4- 6 |  7- 9 | 10-12 | 13-15 | 16-18 || total
-------------------------+-------+-------+-------+-------+-------+-------++-------
Melee: Long sword        |    99 |   103 |   336 |   303 |       |       ||   841
       Headbutt          |     8 |    16 |    87 |   240 |   435 |   121 ||   907
       Short sword       |       |       |    23 |       |       |       ||    23
       Falchion          |       |       |       |   385 |       |       ||   385
       Scimitar          |       |       |       |    19 |   419 |       ||   438
       Demon whip        |       |       |       |    10 |    31 |       ||    41
       Demon blade       |       |       |       |       |   814 |       ||   814
       Double sword      |       |       |       |       |    91 |   344 ||   435
Invok: Heroism           |       |       |       |     4 |     3 |       ||     7
  Use: Potion            |       |     2 |     1 |     6 |     2 |       ||    11
       Scroll            |       |       |     2 |    21 |    21 |     2 ||    46
 Stab: Sleeping          |       |       |       |       |    17 |     5 ||    22
       Distracted        |       |       |       |       |     1 |     1 ||     2
  Eat: Chunk             |     2 |     6 |    10 |    19 |    39 |     6 ||    82
       Fruit             |       |       |       |     1 |     3 |       ||     4
       Pizza             |       |       |       |     1 |       |       ||     1
Armor: Scale mail        |    55 |    41 |     7 |       |       |       ||   103
       Plate armour      |       |       |   182 |   148 |       |       ||   330
       Chain mail        |       |       |       |    70 |   173 |       ||   243
       Fire dragon scale |       |       |       |     6 |       |       ||     6
       Shadow dragon sca |       |       |       |       |   316 |   323 ||   639
Dodge: Dodged            |    39 |    27 |    81 |   144 |   492 |   273 ||  1056
Block: Shield            |    65 |    56 |   220 |   376 |   965 |   527 ||  2209
       Rpst.: Long sword |     7 |    10 |    22 |    17 |       |       ||    56
       Falchion          |       |       |       |    22 |       |       ||    22
       Scimitar          |       |       |       |     4 |    38 |       ||    42
       Demon blade       |       |       |       |       |    59 |       ||    59
       Double sword      |       |       |       |       |     8 |    58 ||    66
